Unix NetHack Version 5.0.0-0 post-release - last build Jun 10 2026 00:39:30 (3ee93aec679c4c4259841fe613dc97188e26a321,branch:main).

Game began 2026-06-27 12:15:59, ended 2026-07-05 10:05:02.

Booker, lawful male human Knight

        -------          -----                           ----
        |...t.|          |...|                   Ta&^aafaaaa|
        |.[...|    -------.^.--             -----aaq&aaQ.aa@-
      ---..<..|    |..%..))H.a|             |aa.a.aaaaQaagaa. a
      ......---  ---..&.---%a.|          - --a.da%aa.aaaaa.Jaa
       -....|    |).)...| |)H.|          |Uaaaaaa:)aaa%&qadaad
       ---|---------|-------)-----       |cg.aaJa%&aaa%.adD aa
        |..|........(....|(.%.|..        |@a&&aNYaaa--@-      a
        |..--|-------|----..|.)aa-       |Saa aaaqtV|.@&axa   a
        |......|  |....|%.%.%..|Da|   ----0aOa.axaaa|ad&..a  &
        --------T ------ ......|Ba|   |aaa&.@%a &aa&|aD.&zDa| a
                          ..||.|.(|----%--&..aaaaa.^|.Ua%a..|  a
                             ?^.T&a....a.|a.BQD&aaaa--------- @
                            m|.%qa ---------&.D@ daaa&E&ax...
                             .a%a--        |.%(@aca.aaaaaBa&Q
                              ..a          -----..a.aaaqa.B.-
                               -               |caODa.aa.a..|
                                               -------------

Booker the Banneret      St:25 Dx:17 Co:16 In:10 Wi:17 Ch:18  Lawful S:1440094
Dlvl:50 $:0 HP:0(151) Pw:94(104) AC:-35 Weak Burdened Blind Fly Xp:19/2600434 T:38098

Latest messages:
 The invisible high priest of Moloch kicks!
 The giant ant misses!
 You hit the invisible high priest of Moloch.
 The giant ant misses!
 The displacer beast moves the giant beetle out of its way!
 The wolf misses!
 The invisible high priest of Moloch hits!
 The invisible high priest of Moloch misses!
 You hear a mumbled curse.
 You hear a mumbled curse.
 The invisible high priest of Moloch hits!
 The invisible high priest of Moloch kicks!
 You hear a mumbled curse.
 You hear a mumbled curse.
 You hit the invisible high priest of Moloch.
 Moloch roars in anger:  "Thou shalt suffer!"
 The bolt of lightning hits the invisible high priest of Moloch.
 The giant ant misses!
 The invisible high priest of Moloch hits!
 The invisible high priest of Moloch kicks!
 You hear a mumbled curse.
 You hear a mumbled curse.
 The invisible high priest of Moloch hits!
 The invisible high priest of Moloch misses!
 You hear a mumbled curse.
 You hear a mumbled curse.
 You feel less confused now.
 You can see again.
 The ice-cold blade freezes the invisible high priest of Moloch!
 Moloch roars in anger:  "Thou shalt suffer!"
 The bolt of lightning hits the invisible high priest of Moloch.
 The bolt of lightning whizzes by you!
 You are blinded by the flash!
 The giant ant misses!
 The displacer beast moves the fire ant out of its way!
 The wolf misses!
 You hear the high priest of Moloch reading a scroll of create monster.
 An incubus suddenly appears close by!
 You are beginning to feel weak.
 You caitiff!
 You hit the invisible high priest of Moloch.
 Moloch roars in anger:  "Thou shalt suffer!"
 The bolt of lightning hits the invisible high priest of Moloch.
 You hear a chugging sound.
 The giant ant misses!
 The displacer beast moves the soldier ant out of its way!
 "Go ahead, fetch thy mama!  I shall wait."
 The invisible high priest of Moloch hits!
 The invisible high priest of Moloch kicks!
 You die...

Inventory:
 Amulets  ('"')
  C - a cursed amulet of flying (being worn)
 Weapons  (')')
  a - the blessed rustproof +6 Frost Brand (weapon in right hand)
 Armor    ('[')
  j - a blessed burnt +6 elven leather helm (being worn)
  n - a blessed corroded +4 pair of gauntlets of power (being worn)
  S - an uncursed +0 pair of levitation boots
  i - a blessed fireproof +4 pair of speed boots (being worn)
  M - a blessed +4 shield of reflection (being worn)
  H - a blessed greased +4 cloak of protection (being worn)
  k - an uncursed +4 Hawaiian shirt with a parrot motif (being worn)
  W - an uncursed +4 gray dragon scale mail (being worn)
 Comestibles  ('%')
  X - 2 uncursed food rations
 Scrolls  ('?')
  p - an uncursed scroll of blank paper
 Spellbooks  ('+')
  J - the uncursed Book of the Dead
 Rings    ('=')
  B - an uncursed ring of conflict (on right hand)
  y - a blessed +2 ring of increase accuracy
  b - a blessed ring of regeneration (on left hand)
 Wands    ('/')
  o - an uncursed wand of secret door detection (0:9)
  d - an uncursed wand of stasis (0:2)
  l - an uncursed wand of striking (0:0)
  E - a cursed wand of teleportation (0:0)
 Tools    ('(')
  s - an uncursed greased bag of holding containing 81 items
  I - the uncursed Bell of Opening (0:1)
  m - the uncursed Candelabrum of Invocation (0 of 7 candles attached)
  P - an uncursed lock pick
  h - a blessed magic lamp
  Y - a blessed magic marker (1:19)
  G - the blessed Magic Mirror of Merlin
  e - an uncursed towel
  c - a blessed +0 unicorn horn
 Gems/Stones  ('*')
  t - a blessed luckstone

Contents of the bag of holding:
  52052 gold pieces
  the blessed rustproof +7 Excalibur
  an uncursed +0 helm of brilliance
  a blessed +1 pair of kicking boots
  an uncursed +0 pair of water walking boots
  an uncursed +0 cloak of protection
  10 uncursed apples
  3 uncursed food rations
  an uncursed tripe ration
  2 uncursed lizard corpses
  3 uncursed lizard corpses
  6 blessed scrolls of blank paper
  15 uncursed scrolls of blank paper
  8 cursed scrolls of blank paper
  2 uncursed scrolls of destroy armor
  an uncursed scroll of enchant weapon
  a blessed scroll of identify
  an uncursed scroll of identify
  2 uncursed scrolls of light
  8 uncursed scrolls of remove curse
  7 uncursed scrolls of teleportation
  2 cursed scrolls of teleportation
  an uncursed potion of confusion
  an uncursed potion of gain energy
  2 uncursed diluted potions of monster detection
  a blessed diluted potion of object detection
  3 uncursed diluted potions of object detection
  a cursed potion of object detection
  an uncursed potion of paralysis
  2 uncursed diluted potions of polymorph
  an uncursed potion of sickness
  a blessed potion of sleeping
  an uncursed potion of sleeping
  6 potions of holy water
  4 uncursed potions of water
  2 potions of unholy water
  an uncursed ring of free action
  an uncursed ring of polymorph control
  an uncursed ring of teleport control
  an uncursed wand of cold (0:4)
  an uncursed wand of create monster (0:5)
  an uncursed wand of death (0:1)
  an uncursed wand of digging (0:8)
  an uncursed wand of digging (0:6)
  an uncursed wand of digging (0:4)
  an uncursed wand of digging (0:4)
  an uncursed wand of digging (0:1)
  an uncursed wand of digging (0:1)
  an uncursed wand of enlightenment (0:8)
  an uncursed wand of fire (0:4)
  an uncursed wand of light (0:9)
  an uncursed wand of magic missile (0:6)
  an uncursed wand of magic missile (0:4)
  an uncursed wand of polymorph (0:0)
  an uncursed wand of sleep (0:6)
  an uncursed wand of sleep (0:3)
  an uncursed wand of striking (0:8)
  an uncursed wand of teleportation (0:5)
  an uncursed wand of teleportation (0:5)
  an uncursed wand of teleportation (0:4)
  an uncursed wand of teleportation (0:2)
  an uncursed wand of wishing (0:0)
  a blessed magic lamp
  an uncursed +0 pick-axe
  4 uncursed tallow candles
  9 uncursed amber stones
  an uncursed amethyst stone
  2 uncursed aquamarine stones
  2 uncursed black opals
  6 uncursed dilithium crystals
  3 uncursed emeralds
  6 uncursed fluorite stones
  2 uncursed jacinth stones
  4 uncursed jasper stones
  an uncursed jet stone
  an uncursed obsidian stone
  an uncursed opal
  2 uncursed rubies
  3 uncursed topaz stones
  5 uncursed turquoise stones
  a blessed touchstone

Booker the Knight's attributes:

Background:
 You were a Banneret, a level 19 male human Knight.
 You were lawful, on a mission for Lugh
 who was opposed by Brigit (neutral) and Manannan Mac Lir (chaotic).
 You were right-handed.
 You were in Gehennom, on level 50.
 You entered the dungeon 38098 turns ago.
 You had 2600434 experience points, 2519566 more were needed for level 20.
 Your score was 1440094 before end-of-game adjustments.

Basics:
 You had 0 out of 151 hit points.
 You had 94 out of 104 energy points (spell power).
 Your armor class was -35.
 Your wallet was empty, but
 you had 52052 zorkmids stashed away in your pack.
 Autopickup was off.

Final Characteristics:
 Your strength was 25 (base:18/08, innate limit:18/100).
 Your dexterity was 17 (limit:18).
 Your constitution was 16 (peak:18, limit:18).
 Your intelligence was 10 (limit:18).
 Your wisdom was 17 (peak:18, limit:18).
 Your charisma was 18 (limit:18).

Final Status:
 You were flying.
 You were temporarily blind.
 You were weak from severe hunger.
 You were burdened; movement was slightly slowed.
 You were wielding a long sword.
 You had expert skill with long sword.

Final Attributes:
 You were piously aligned.
 You were magic-protected.
 You were fire resistant.
 You were cold resistant.
 Your items were protected from cold.
 You were shock resistant.
 You were poison resistant.
 You would have seen invisible when not blind.
 You were telepathic.
 You were invisible to others.
 You were stealthy.
 You caused conflict.
 You could jump.
 You regenerated.
 You were protected.
 You were very fast.
 You had reflection.
 You were extremely lucky.
 You had extra luck.
 Good luck did not time out for you.
 You are dead (3rd time!).

Miscellaneous:
 You disabled loading and storing of bones levels.
 Total elapsed playing time was 19 hours, 14 minutes and 17 seconds.

Major events:
 Turn
    1: Booker the lawful male human Knight entered the dungeon
 1890: attained the rank of Esquire (level 3)
 2089: entered the Gnomish Mines
 3262: reached Mine Town
 3297: attained the rank of Bachelor (level 6)
 5368: was bestowed with Snickersnee by Lugh
 5994: was given Excalibur by the Lady of the Lake
 7363: entered Sokoban
 7624: completed 1st Sokoban level
 8288: completed 2nd Sokoban level
 8721: completed 3rd Sokoban level
 9318: completed 4th Sokoban level
 9532: acquired the Sokoban bag of holding
11426: acquired the Mines' End luckstone
12460: attained the rank of Sergeant (level 10)
13335: entered the Bigroom
14456: entered Home 1, the Quest
20242: was bestowed with Frost Brand by Lugh
22858: killed Medusa
23589: attained the rank of Knight (level 14)
24348: made his first wish - "blessed fireproof +2 pair of speed boots", got "a pair of combat boots"
24409: performed his first genocide (class L)
24613: entered Gehennom
25288: attained the rank of Banneret (level 18)
26327: King Arthur has granted access to proceed deeper into the quest
26344: entered Home 2, the Quest
26467: entered Home 3, the Quest
26668: entered Home 4, the Quest
26736: entered Home 5, the Quest
26979: killed Ixoth
26981: found the Magic Mirror of Merlin on the floor
26982: acquired the Bell of Opening
27639: was bestowed with Trollsbane by Lugh
28143: wished for "blessed magic marker", got "a magic marker"
29081: wished for "blessed amulet of life saving", got "a pyramidal amulet"
29292: killed Juiblex
30805: genocided class h
32823: destroyed Vlad the Impaler
32825: acquired the Candelabrum of Invocation
33421: wished for "blessed partly eaten chickatrice corpse", got "a partly eaten chickatrice corpse"
33442: killed Orcus
36950: killed the Wizard of Yendor
36952: killed the Wizard of Yendor (2nd time)
36954: acquired the Book of the Dead
37346: performed the invocation
37527: averted death (killed by a priest of Moloch)
37665: averted death (killed by a captain)
38009: killed Yeenoghu
38098: killed by the invisible high priest of Moloch

Spells:
 Name                 Level Category     Fail Retention
 magic missile          2   attack       100%   51%-75%
 haste self             3   escape       100%   51%-75%

Skills:
 Fighting Skills
   bare handed combat [Unskilled]
   two weapon combat  [Unskilled]
   riding             [Basic]
 Weapon Skills
   dagger             [Unskilled]
   knife              [Unskilled]
   axe                [Unskilled]
   pick-axe           [Unskilled]
   short sword        [Unskilled]
   broadsword         [Unskilled]
   long sword         [Expert]
   two-handed sword   [Unskilled]
   saber              [Unskilled]
   club               [Unskilled]
   mace               [Unskilled]
   morning star       [Unskilled]
   flail              [Unskilled]
   hammer             [Unskilled]
   polearms           [Unskilled]
   spear              [Unskilled]
   trident            [Unskilled]
   lance              [Basic]
   bow                [Unskilled]
   crossbow           [Unskilled]
 Spellcasting Skills
   attack spells      [Unskilled]
   healing spells     [Unskilled]
   clerical spells    [Unskilled]

Voluntary challenges:
 Character rerolling was not enabled.
 You genocided 11 types of monsters.
 You never changed form.
 You used 4 wishes.
 You did not wish for any artifacts.
 You did not violate any of the special Sokoban rules.
Achievements:
 You entered a shop.
 You attained the rank of Esquire.
 You entered the Gnomish Mines.
 You entered Minetown.
 You attained the rank of Bachelor.
 You entered a temple.
 You entered Sokoban.
 You completed Sokoban.
 You completed the Gnomish Mines.
 You attained the rank of Sergeant.
 You entered the Big Room.
 You defeated Medusa.
 You learned the tune to open and close the Castle's drawbridge.
 You attained the rank of Knight.
 You entered Gehennom.
 You attained the rank of Banneret.
 You had the Bell of Opening.
 You had the Candelabrum of Invocation.
 You had the Book of the Dead.
 You gained access to Moloch's Sanctum.

 The Dungeons of Doom: levels 1 to 27
    Level 1:
       A sink.
    Level 2:
    Level 3:
       A general store.
    Level 4:
       A general store.
       Stairs down to The Gnomish Mines.
    Level 5: "gem chest"
       An altar to Lugh.
    Level 6:
       Some fountains.
       Oracle of Delphi.
    Level 7:
       An armor shop, many fountains.
       Stairs up to Sokoban, level 6.
    Level 8:
    Level 9:
       A fountain.
    Level 10:
       A very big room.
    Level 11:
       A food shop.
    Level 12:
    Level 13:
       Portal to The Quest.
    Level 14:
    Level 15:
       A primitive area.
    Level 16:
    Level 17:
    Level 18:
       A bookstore.
    Level 19:
    Level 20:
       An altar to Lugh.
    Level 21:
       A sink.
    Level 22:
       An armor shop.
    Level 23:
    Level 24:
       An altar to Lugh.
    Level 25:
       A grave.
    Level 26:
    Level 27:
       A throne.
       The castle (play notes "CFEBA" to open or close drawbridge).
       Connection to Gehennom.
 Gehennom: levels 28 to 50
    Level 28:
       A temple and an altar, many graves.
       Valley of the Dead.
    Level 29:
    Level 30:
    Level 31:
    Level 32:
    Level 33:
    Level 34:
    Level 35:
    Level 36:
    Level 37:
    Level 38:
    Level 39:
       Stairs up to Vlad's Tower, level 38.
    Level 40:
    Level 41:
    Level 42:
       Some shops, an altar.
    Level 43:
    Level 44:
    Level 45:
    Level 46:
    Level 47:
    Level 48:
    Level 49:
    Level 50: <- You were here.
       A temple and an altar, many graves.
       Moloch's Sanctum.
       Final resting place for
          you, killed by the invisible high priest of Moloch.
 The Gnomish Mines: levels 5 to 12
    Level 5: "gems in chest"
    Level 6:
    Level 7:
       Some shops, a temple and an altar to Lugh, some fountains.
    Level 8:
    Level 9:
    Level 10:
    Level 11:
    Level 12:
 The Quest: levels 1 to 5
    Level 1:
       A throne.
       Completed quest for King Arthur.
    Level 2:
    Level 3:
       A temple and an altar.
    Level 4:
    Level 5:
 Sokoban: levels 6 up to 3
    Level 3:
       Solved.
    Level 4:
       Solved.
    Level 5:
       Solved.
    Level 6:
       Solved.
 Vlad's Tower: levels 38 up to 36
    Level 36:
       A throne.
    Level 37:
    Level 38:


Vanquished creatures:
    Orcus
    Yeenoghu
  3 erinyes
    Juiblex
the Wizard of Yendor (twice)
    Vlad the Impaler
  2 mastodons
    Medusa
  5 krakens
  6 iron golems
  4 storm giants
  a glass golem
 11 balrogs
 10 purple worms
  4 gray dragons
  3 silver dragons
  9 red dragons
  a white dragon
  3 orange dragons
  7 black dragons
  3 blue dragons
  4 green dragons
  2 yellow dragons
 23 minotaurs
  8 jabberwocks
    Ixoth
 10 baluchitheria
  2 demiliches
  7 stone golems
 10 Olog-hai
  3 Nazgul
 12 pit fiends
  5 sandestins
  5 hell hounds
  2 displacer beasts
  6 titanotheres
  3 trappers
  a baby gold dragon
  7 baby red dragons
  2 baby blue dragons
  6 genetic engineers
  a disenchanter
 28 vampire leaders
  7 skeletons
  7 aligned clerics
  6 captains
  6 shades
  3 liches
  4 clay golems
  9 nurses
  9 ice devils
 12 nalfeshnees
  6 lurkers above
  3 frost giants
  5 ettins
  a golden naga
  9 black puddings
 21 vampires
  7 lieutenants
 22 ghosts
  a queen bee
  7 winged gargoyles
 18 giant mimics
  7 long worms
  8 zruties
  7 fire giants
  7 ogre tyrants
  9 rock trolls
 13 umber hulks
  7 flesh golems
  6 elven monarchs
 18 hezrous
 19 bone devils
 13 large mimics
  5 wumpuses
  4 fire vortices
  7 stalkers
  5 air elementals
 10 fire elementals
  4 earth elementals
  3 water elementals
  4 hill giants
  a giant mummy
 12 xorns
 15 giant zombies
  8 elf-nobles
 15 sergeants
 10 barbed devils
 19 vrocks
  4 salamanders
  5 wargs
  5 winter wolves
  7 hell hound pups
 16 small mimics
  a glass piercer
  8 warhorses
  9 steam vortices
  8 xans
  6 ettin mummies
  9 ogre leaders
 10 quantum mechanics
 25 trolls
  a sasquatch
  5 mariliths
  3 sharks
  5 electric eels
  5 gelatinous cubes
 10 pyrolisks
  2 large dogs
  3 freezing spheres
 12 flaming spheres
  5 shocking spheres
  4 large cats
  7 tigers
  4 gargoyles
  2 dwarf rulers
  5 tengu
 29 ochre jellies
  8 leocrottas
  3 energy vortices
  4 mountain centaurs
  a stone giant
  5 elf mummies
  4 human mummies
 12 red nagas
  3 green slimes
  3 pythons
  a pit viper
  6 cobras
 45 wraiths
  3 carnivorous apes
 21 ettin zombies
  3 leather golems
 19 Grey-elves
 52 soldiers
  2 watchmen
 11 amorous demons
 11 horned devils
  8 chameleons
  3 crocodiles
 37 giant beetles
  4 quivering blobs
 35 cockatrices
  8 wolves
  8 winter wolf cubs
  4 lynxes
  4 panthers
  9 gremlins
 25 leprechauns
  4 orc-captains
  2 iron piercers
  9 giant spiders
  7 scorpions
  3 horses
  8 black lights
 13 vampire bats
  6 forest centaurs
  4 gnome rulers
  5 orc mummies
  3 dwarf mummies
  7 ogres
 10 brown puddings
 10 rust monsters
 19 owlbears
  4 yetis
  3 gold golems
  2 werewolves
  9 Green-elves
  6 giant eels
 20 lizards
  5 chickatrices
  3 dingoes
  2 dogs
  2 housecats
  3 jaguars
  6 blue jellies
  3 gray unicorns
  3 black unicorns
  4 dust vortices
  7 ravens
  5 plains centaurs
  2 gnome mummies
  7 snakes
  7 apes
 13 human zombies
  a rope golem
  4 Woodland-elves
 52 soldier ants
 38 fire ants
 27 bugbears
  2 imps
 68 quasits
  3 wood nymphs
  6 water nymphs
  5 mountain nymphs
 25 Mordor orcs
 15 Uruk-hai
  5 orc shamans
  5 rock piercers
  3 rock moles
  4 ponies
  3 fog clouds
 11 yellow lights
  3 shriekers
  3 violet fungi
 25 gnome leaders
 14 gnomish wizards
  2 kobold mummies
  a black naga hatchling
  4 gray oozes
  5 barrow wights
 23 elf zombies
 18 ghouls
  2 straw golems
  2 paper golems
  2 jellyfish
  a baby crocodile
 69 giant ants
  2 little dogs
  7 floating eyes
  a kitten
 16 dwarves
  4 homunculi
  5 kobold leaders
  6 kobold shamans
 23 hill orcs
 10 rothes
  4 rabid rats
  3 centipedes
  4 giant bats
  7 monkeys
 11 orc zombies
 13 dwarf zombies
  2 wererats
  4 werejackals
  4 iguanas
 60 killer bees
  3 acid blobs
  7 coyotes
  6 hobbits
 14 manes
  2 large kobolds
 39 hobgoblins
  8 giant rats
 10 cave spiders
  3 yellow molds
  2 green molds
 62 gnomes
  4 garter snakes
 29 gnome zombies
 18 geckos
 13 jackals
  2 foxes
  a kobold
  9 goblins
  9 sewer rats
 10 grid bugs
  5 bats
  8 lichens
 12 kobold zombies
  9 newts
2351 creatures vanquished.

Genocided or extinct species:
 erinyes (extinct)
 arch-liches
 master liches
 demiliches
 master mind flayers
 liches
 mind flayers
 dwarf rulers
 dwarf leaders
 bugbears
 dwarves
 hobbits
11 species genocided.
1 species extinct.

Game over:
                       ----------
                      /          \
                     /    REST    \
                    /      IN      \
                   /     PEACE      \
                  /                  \
                  |      Booker      |
                  |     52052 Au     |
                  |  killed by the   |
                  |  invisible high  |
                  | priest of Moloch |
                  |                  |
                  |       2026       |
                 *|     *  *  *      | *
        _________)/\\_//(\/(/\)/\//\/|_)_______

Fare thee well Booker the Knight...

You died in Gehennom on dungeon level 50 with 1434889 points,
and 52052 pieces of gold, after 38098 moves.
You were level 19 with a maximum of 151 hit points when you died.

